 Dungeon Crawl Stone Soup version 0.23-a0-143-g1adec7b (webtiles) character file.

14 Amnesiac the Chiller (level 2, -5/19 HPs)
             Began as a Mummy Ice Elementalist on Sept 3, 2018.
             Slain by an ogre
             ... wielding a +0 giant club
              (24 damage)
             ... on level 4 of the Dungeon.
             The game lasted 00:01:59 (630 turns).

Amnesiac the Chiller (Mummy Ice Elementalist)        Turns: 630, Time: 00:01:59

Health: -5/19      AC:  2    Str: 11    XL:     2   Next: 27%
Magic:  2/5        EV: 12    Int: 14    God:
Gold:   15         SH:  0    Dex: 12    Spells: 3/6 levels left

rFire    x . .     SeeInvis .   c - +0 mace
rCold    + . .     Gourm    .   (no shield)
rNeg     + + +     Faith    .   a - +0 robe
rPois    ∞         Spirit   .   (no helmet)
rElec    .         Reflect  .   (no cloak)
rCorr    .         Harm     .   (no gloves)
MR       .....                  (no boots)
Stlth    ++........             (no amulet)
HPRegen  0.06/turn              (no ring)
MPRegen  0.09/turn              (no ring)

@: no status effects
A: no food or potions, fire vulnerability, cold resistance 1, negative energy
resistance 3, torment resistance, unbreathing
a: no special abilities


You were on level 4 of the Dungeon.
You were not hungry.

You visited 1 branch of the dungeon, and saw 4 of its levels.

You collected 15 gold pieces.

Inventory:

Hand Weapons
 c - a +0 mace (weapon)
Armour
 a - a +0 robe (worn)
Scrolls
 b - a scroll of random uselessness {!r, unknown}


   Skills:
 - Level 1.5 Dodging
 - Level 1.5 Stealth
 + Level 2.9 Spellcasting
 - Level 0.7 Conjurations
 * Level 3.0 Ice Magic


You had 3 spell levels left.
You knew the following spells:

 Your Spells              Type           Power        Failure   Level  Hunger
a - Freeze                Ice            ##..         6%          1    N/A
e - Throw Frost           Conj/Ice       #.....       16%         2    N/A

Your spell library contained the following spells:

 Spells                   Type           Power        Failure   Level  Hunger
 Ozocubu's Armour         Chrm/Ice       #.......     34%         3    N/A
 Throw Icicle             Conj/Ice       #.......     69%         4    N/A
 Summon Ice Beast         Ice/Summ       #.......     75%         4    N/A

Dungeon Overview and Level Annotations

Branches:
Dungeon (4/15)
 Temple: D:4-7

Altars:


Innate Abilities, Weirdness & Mutations

You do not eat or drink.
Your flesh is vulnerable to fire.
You are immune to poison.
Your flesh is cold resistant. (rC+)
You are immune to negative energy. (rN+++)
You are immune to unholy pain and torment.
You can survive without breathing.


Message History

You see here a tomahawk.
The ogre is too close now for your liking.
An ogre is nearby!
An ogre comes into view. It is wielding a giant club.
Memorise Throw Frost, consuming 2 spell levels and leaving 3?
You start memorising the spell.
You continue memorising. x2
You finish memorising.
Spell assigned to 'b'.
Adjust (i)tems, (s)pells, or (a)bilities?
Adjust which spell? b - Throw Frost Adjust to which letter? e - Throw Frost You start waiting.
The ogre is too close now for your liking.
Casting: Freeze (safe; 6% risk of failure)
Confirm with . or Enter, or press ? or * to list all spells.
You can't see any susceptible monsters within range! (Use Z to cast anyway.) Unknown command.
Casting: Freeze (safe; 6% risk of failure)
Confirm with . or Enter, or press ? or * to list all spells.
You can't see any susceptible monsters within range! (Use Z to cast anyway.)
Casting: Freeze (safe; 6% risk of failure)
Confirm with . or Enter, or press ? or * to list all spells.
Aiming: Throw Frost (safe; 16% risk of failure)
Press: ? - help, Shift-Dir - straight line, f - you
Okay, then.
Casting: Throw Frost (safe; 16% risk of failure)
Confirm with . or Enter, or press ? or * to list all spells.
Aiming: Freeze (safe; 6% risk of failure)
Press: ? - help, Shift-Dir - straight line There's nothing close enough!
The ogre shouts!
Casting: Freeze (safe; 6% risk of failure)
Confirm with . or Enter, or press ? or * to list all spells.
Aiming: Throw Frost (safe; 16% risk of failure)
Press: ? - help, Shift-Dir - straight line, f - ogre
Aim: an ogre, wielding a giant club The puff of frost hits the ogre.
The ogre is lightly wounded.
Casting: Throw Frost (safe; 16% risk of failure)
Confirm with . or Enter, or press ? or * to list all spells.
Aiming: Throw Frost (safe; 16% risk of failure)
Press: ? - help, Shift-Dir - straight line, f/p - ogre
Aim: an ogre, wielding a giant club (lightly wounded)
The puff of frost misses the ogre.
Unknown command.
There is a stone staircase leading up here.
Casting: Throw Frost (safe; 16% risk of failure)
Confirm with . or Enter, or press ? or * to list all spells.
Aiming: Throw Frost (safe; 16% risk of failure)
Press: ? - help, Shift-Dir - straight line, f/p - ogre
Aim: an ogre, wielding a giant club (lightly wounded)
The puff of frost misses the ogre.
Unknown command.
Casting: Throw Frost (safe; 16% risk of failure)
Confirm with . or Enter, or press ? or * to list all spells.
Aiming: Freeze (safe; 6% risk of failure)
Press: ? - help, Shift-Dir - straight line, f/p - ogre
Aim: an ogre, wielding a giant club You freeze the ogre.
The ogre is lightly wounded.
The ogre hits you with a giant club!!
Ouch! That really hurt!
You die...

###### #.##.# #....# #.##.#
#.##.# ##########.##.#
#########
#......O...##O#####.......#
#.###########@##..........#
#<# #...# #.)'..........#
#.# #.#.#######..........#
#O####.#.......#..........#
#.#.......####.#....#.#####
#.#.##...<# #.##.....#
#...##....####.##o#####
######....#....##...#
#.....#.#######.#


You could see an ogre.

Vanquished Creatures
  4 orcs (D:4)
  A giant cockroach (D:4)
  A goblin (D:2)
  A hobgoblin (D:1)
  A bat (D:3)
  A jackal skeleton (D:3)
9 creatures vanquished.

Notes
Turn   | Place    | Note
-------+----------+-------------------------------------------
     0 | D:1      | Amnesiac the Mummy Ice Elementalist began the quest for the
                  | Orb.
     0 | D:1      | Reached XP level 1. HP: 13/13 MP: 4/4
   257 | D:4      | Noticed an ogre
   321 | D:3      | Noticed an orc wizard
   322 | D:3      | Noticed an orc priest
   375 | D:4      | Reached XP level 2. HP: 19/19 MP: 1/5
   386 | D:4      | Reached skill level 3 in Ice Magic
   567 | D:4      | Noticed an ogre
   572 | D:4      | Learned a level 2 spell: Throw Frost
   630 | D:4      | Slain by an ogre

Vault maps used:
D:1:      dpeg_arrival_simpleton_b, nemelex_diamond_rough_becter
D:2:      nicolae_overflow_crystal_walls, nicolae_overflow_hidden_temple,
          uniq_sigmund
D:3:      grunt_qazlal_clouds, minmay_gold_behind_fungi, uniq_robin
D:4:      zin_statuary, minivault_5, uniq_menkaure, uniq_ijyb,
          uniq_blork_the_orc, uniq_edmund

Skill      XL: |  1  2 |
---------------+-------+-----
Ice Magic      | 3 |  3.0
Dodging        | |  1.5
Stealth        | |  1.5
Spellcasting   | |  2.9
Conjurations   | |  0.7

Action                   || total
-------------------------++-------
Melee: Mace              ||     7
 Cast: Freeze            ||    14
       Throw Frost       ||     3
Armor: Robe              ||     2
Dodge: Dodged            ||    18

Table legend:
 A = Non-vault XP
 B = Vault XP
 C = Vault XP percentage of total XP
 D = Non-vault monster count
 E = Vault monster count
 F = Vault count percentage of total count
                 A         B        C        D         E       F
            +---------+---------+-------+---------+---------+-------
      Total |      20 |       0 |   0.0 |       9 |       0 |   0.0
            +---------+---------+-------+---------+---------+-------
        D:1 |       2 |       0 |   0.0 |       1 |       0 |   0.0
        D:2 |       2 |       0 |   0.0 |       1 |       0 |   0.0
        D:3 |       2 |       0 |   0.0 |       2 |       0 |   0.0
        D:4 |      14 |       0 |   0.0 |       5 |       0 |   0.0
            +---------+---------+-------+---------+---------+-------
